 Dungeon Crawl Stone Soup version 0.28.0-53-g5a82cb258f (webtiles) character file.

Game seed: 16565197381742633255

5 purpskrrrp the Covered (level 1, 0/15 HPs)
             Began as a Human Wanderer on June 23, 2022.
             Slain by a kobold
             ... wielding a +0 short sword
              (2 damage)
             ... on level 1 of the Dungeon.
             The game lasted 00:01:08 (367 turns).

purpskrrrp the Covered (Human Wanderer)              Turns: 367, Time: 00:01:09

Health: 0/15       AC:  9    Str: 10    XL:     1   Next: 88%
Magic:  2/2        EV:  8    Int: 14    God:
Gold:   0          SH:  4    Dex: 12    Spells: 2/2 levels left

rFire   . . .      SeeInvis .   a - +0 dagger
rCold   . . .      Faith    .   c - +0 buckler {AC+3}
rNeg    . . .      Spirit   .   b - +0 scale mail
rPois   .          Reflect  .   (no helmet)
rElec   .          Harm     .   (no cloak)
rCorr   .          Rampage  .   (no gloves)
Will    .....                   (no boots)
Stlth   ..........              (no amulet)
HPRegen 0.05/turn               (no ring)
MPRegen 0.08/turn               (no ring)

@: no status effects
A: no striking features
a: no special abilities


You were on level 1 of the Dungeon.
You visited 1 branch of the dungeon, and saw 1 of its levels.

Inventory:

Hand Weapons
 a - a +0 dagger (weapon)
Armour
 b - a +0 scale mail (worn)
 c - a +0 buckler of protection (worn)
Scrolls
 d - a scroll of immolation {unknown}


   Skills:
 + Level 1.0 Fighting
 + Level 3.3 Armour
 + Level 1.0 Dodging
 + Level 2.1 Shields
 + Level 1.0 Spellcasting
 + Level 1.0 Conjurations
 + Level 1.0 Evocations


You had 2 spell levels left.
You didn't know any spells.
Your spell library contained the following spells:

 Spells                   Type           Power      Damage    Failure   Level
 Searing Ray              Conj           6%         2d4       91%         2
 Static Discharge         Conj/Air       2%         N/A       95%         2


Dungeon Overview and Level Annotations

Branches:
Dungeon (1/15)

Altars:


Message History

The jackal completely misses you.
The jackal bites you but does no damage. x2
The jackal completely misses you. The kobold hits you but does no damage.
You closely miss the jackal. You block the jackal's attack.
The jackal bites you but does no damage. x2
The kobold hits you but does no damage.
The jackal bites you but does no damage.
You barely miss the jackal. The jackal barely misses you. The jackal bites you.
The jackal barely misses you. The kobold closely misses you.
The jackal bites you but does no damage.
You block the jackal's attack.
You closely miss the jackal. The jackal closely misses you.
You block the jackal's attack. The jackal barely misses you.
The kobold closely misses you.
The jackal bites you but does no damage.
You barely miss the jackal.
The jackal bites you but does no damage. x2
The jackal barely misses you. The kobold hits you but does no damage.
The jackal bites you but does no damage. x2
You miss the jackal. You block the jackal's attack.
The jackal bites you but does no damage. x2
You block the kobold's attack. The jackal barely misses you.
You barely miss the jackal. The jackal barely misses you.
You block the jackal's attack. You block the kobold's attack.
The jackal barely misses you. The jackal bites you.
* * * LOW HITPOINT WARNING * * *
The jackal closely misses you.
You hit the jackal.
The jackal is severely wounded.
The jackal barely misses you.
The jackal bites you but does no damage.
The jackal bites you.
* * * LOW HITPOINT WARNING * * *
The kobold hits you but does no damage.
The jackal bites you but does no damage.
You completely miss the jackal.
The jackal is severely wounded.
The jackal barely misses you. x2
The kobold hits you with a +0 short sword.
You die...

#....# #...# #..># ##..##
#...## ##...# #...##
#.####..Kh#####
#......gh@h...#
#############.############
###......................#
##....#.####.####.####.##..
#..###...##...##...##...###
#.## #.⌠.##.⌠.##.⌠.##.⌠.# #
#.####...##...##(..##...###
#...###.####.####.####.###.
#.⌠.###.####.####.####.###.


You could see 3 jackals, a hobgoblin and a kobold.

Vanquished Creatures
  3 jackals (D:1)
  A ball python (D:1)
  A bat (D:1)
5 creatures vanquished.

Notes
Turn   | Place    | Note
-------+----------+-------------------------------------------
     0 | D:1      | purpskrrrp the Human Wanderer began the quest for the Orb.
     0 | D:1      | purpskrrrp set off with the following items: a +0 dagger, a
                  | +0 scale mail, a +0 buckler of protection; and the
                  | following spells available to memorise: Searing Ray, Static
                  | Discharge
     0 | D:1      | Reached XP level 1. HP: 15/15 MP: 2/2
   367 | D:1      | Slain by a kobold

Illustrated notes

Levels and vault maps discovered:
D:1:      dpeg_arrival_chambers_temple_mockup, layout_rooms

Action                   || total
-------------------------++-------
Melee: Dagger            ||    55
Armor: Scale mail        ||    71
Dodge: Dodged            ||    34
Block: Buckler           ||    27
